 Dungeon Crawl Stone Soup version 0.29-a0-1016-g236c7fd91e (webtiles) character file.

Game seed: 8735140546961685125

224 componib the Chopper (level 5, -1/43 (47) HPs)
             Began as a Minotaur Berserker on Aug 9, 2022.
             Was a Believer of Trog.
             Slain by Crazy Yiuf
             ... wielding a +2 quarterstaff of chaos
              (15 damage)
             ... on level 2 of the Dungeon.
             The game lasted 00:08:09 (2144 turns).

componib the Chopper (Minotaur Berserker)           Turns: 2144, Time: 00:08:09

HP:   -1/43 (47)    AC:  7    Str: 23    XL:     5   Next: 67%
MP:   4/4           EV: 11    Int:  4    God:    Trog [**....]
Gold: 34            SH:  0    Dex: 10    Spells: 4/4 levels left

rFire   . . .      SeeInvis .   a - +1 hand axe
rCold   . . .      Faith    .   (no shield)
rNeg    . . .      Spirit   .   h - +0 ring mail
rPois   .          Reflect  .   i - +2 hat
rElec   .          Harm     .   (no cloak)
rCorr   .          Rampage  .   (no gloves)
Will    .....                   (no boots)
Stlth   +.........              (no amulet)
HPRegen 0.14/turn               o - ring of fire
MPRegen 0.09/turn               m - ring of ice

@: drained
A: horns 2, retaliatory headbutt
a: Renounce Religion, Berserk, Trog's Hand


You were on level 2 of the Dungeon.
You worshipped Trog.
Trog was pleased with you.
You visited 1 branch of the dungeon, and saw 2 of its levels.

You collected 138 gold pieces.
You spent 104 gold pieces at shops.

Inventory:

Hand Weapons
 a - a +1 hand axe (weapon)
Armour
 b - a +0 animal skin
 h - a +0 ring mail (worn)
 i - a +2 hat (worn)
Magical Staves
 r - a staff of death
Jewellery
 e - a ring of see invisible
 m - a ring of ice (right hand)
 o - a ring of fire (left hand)
Wands
 q - a wand of quicksilver (5)
Scrolls
 j - a scroll of torment {unknown}
 k - a scroll of fog {unknown}
 p - 2 scrolls of enchant weapon
Potions
 c - a potion of might
 d - a potion of degeneration
 f - a potion of flight
 g - a potion of curing
 l - a potion of brilliance
 n - a potion of lignification {unknown}


   Skills:
 + Level 4.9 Fighting
 + Level 5.8 Axes
 + Level 3.6 Armour
 + Level 3.1 Dodging
 + Level 0.3 Stealth


You had 4 spell levels left.
You didn't know any spells.
Your spell library contained the following spells:

 Spells                   Type           Power      Damage    Failure   Level
 Ensorcelled Hibernation  Hex/Ice        0%         N/A       80%         2
 Passwall                 Tmut/Erth      0%         N/A       80%         2
 Swiftness                Air            0%         N/A       95%         3


Dungeon Overview and Level Annotations

Branches:
Dungeon (2/15)

Altars:

Shops:
D:1 !

Annotations:
D:2 Crazy Yiuf


Innate Abilities, Weirdness & Mutations

You have a pair of horns on your head.
You reflexively headbutt those who attack you in melee.


Message History

Trog accepts your kill.
q - a wand of quicksilver (5)
As you read the scroll labelled PYK IMUTIUGU, it crumbles to dust.
It is a scroll of enchant weapon.
Your +0 hand axe glows red for a moment.
It was a potion of might.
You feel very mighty all of a sudden.
No target in view!
Found a knobbly smoking staff.
No target in view!
You see here a staff of death.
r - a staff of death
Okay, then.
It was a potion of curing.
You feel better.
You feel a little less mighty now.
Found a hammer.
Found a runed translucent door.
Crazy Yiuf shouts!
Number of times to repeat, then command key: You must enter the number of times for the command to repeat.
You open the door. You barely miss Crazy Yiuf. Your headbutt misses Crazy Yiuf.
Crazy Yiuf says, "Aardvark poople senile!"
Crazy Yiuf hits you with a +2 quarterstaff of chaos!
You feel drained.
You hit Crazy Yiuf but do no damage.
Crazy Yiuf laughs, "East turtle pontify!"
Crazy Yiuf hits you with a +2 quarterstaff of chaos!
Crazy Yiuf freezes you.
You are too injured to fight recklessly!
You are too injured to fight recklessly!
You are too injured to fight recklessly!
You are too injured to fight recklessly!
You hit Crazy Yiuf. Your headbutt misses Crazy Yiuf.
Crazy Yiuf is lightly wounded.
Crazy Yiuf hits you with a +2 quarterstaff of chaos.
You feel drained.
You closely miss Crazy Yiuf.
Crazy Yiuf is lightly wounded.
Crazy Yiuf hits you with a +2 quarterstaff of chaos!
You die...

##.).....##.(........#
###.#################
#.# ####.###### #####
##.........# #..)#
......###### #...#
##.#### ... #.# #g#
#.# ♣♣@♣ #.# ♣.♣♣
##.######### ♣♣.♣
...........# ♣.♣♣
##########.# ♣♣.♣♣ #.#
♣...♣♣ #.# ♣....♣ #.#
#....# #.###....#


You could see Crazy Yiuf.

Vanquished Creatures
  Sigmund (D:2)
  A gnoll (D:1)
  4 dart slugs
  7 ball pythons
  3 endoplasms
  2 giant cockroaches (D:1)
  4 goblins
  3 hobgoblins (D:1)
  3 jackals (D:2)
  5 kobolds
  7 bats
  3 frilled lizards (D:2)
  4 rats
47 creatures vanquished.

Notes
Turn   | Place    | Note
-------+----------+-------------------------------------------
     0 | D:1      | componib the Minotaur Berserker began the quest for the
                  | Orb.
     0 | D:1      | Reached XP level 1. HP: 19/19 MP: 0/0
   246 | D:1      | Found Vablyad's Distillery.
   253 | D:1      | Found a faded altar of an unknown god.
   259 | D:1      | Bought a potion of degeneration for 13 gold pieces
   307 | D:1      | Reached skill level 4 in Axes
   307 | D:1      | Reached XP level 2. HP: 27/27 MP: 1/1
   378 | D:1      | Bought a potion of flight for 39 gold pieces
   713 | D:1      | Reached ** piety under Trog
   775 | D:1      | Reached XP level 3. HP: 9/34 MP: 2/2
  1335 | D:1      | Bought a potion of brilliance for 52 gold pieces
  1493 | D:2      | Noticed Sigmund
  1499 | D:2      | Killed Sigmund
  1500 | D:2      | Reached skill level 5 in Axes
  1500 | D:2      | Reached XP level 4. HP: 38/41 MP: 3/3
  1500 | D:2      | Reached XP level 5. HP: 43/47 MP: 4/4
  2136 | D:2      | Found a runed translucent door.
  2137 | D:2      | Noticed Crazy Yiuf
  2144 | D:2      | Slain by Crazy Yiuf

Illustrated notes

Levels and vault maps discovered:
D:1:      evilmike_arrival_hilbert_curve, layout_loops_ring,
          basic_ecumenical_altar, serial_shops, shop_fountains
D:2:      layout_loops_ring, nicolae_eternal_life, uniq_sigmund,
          uniq_crazy_yiuf_cottage

Skill      XL: |  1  2  3 |
---------------+----------+-----
Axes           | 4 5 |  5.8
Fighting       | 4 |  4.9
Armour         | 3 |  3.6
Dodging        | 3 |  3.1
Stealth        | |  0.3

Action                   |  1- 3 |  4- 6 || total
-------------------------+-------+-------++-------
Melee: Hand axe          |    77 |    21 ||    98
       Headbutt          |    11 |     4 ||    15
       Punch             |     1 |       ||     1
  Use: Scroll            |     2 |     1 ||     3
       Potion            |       |     2 ||     2
Armor: Animal skin       |    12 |       ||    12
       Ring mail         |    28 |     5 ||    33
Dodge: Dodged            |    45 |     8 ||    53

Table legend: (Time is in decaauts)
 A = Elapsed time spent in this place.
 B = Non-inter-level travel time spent in this place.
 C = Inter-level travel time spent in this place.
 D = Time resting spent in this place.
 E = Time spent auto-exploring this place.
 F = Levels seen in this place.
 G = Mean time per level.
                   A        B        C        D        E       F      G
               +--------+--------+--------+--------+--------+-----+--------+
         Total |   2149 |   2114 |     35 |    220 |   1338 |   2 | 1074.5 |
       Dungeon |   2149 |   2114 |     35 |    220 |   1338 |   2 | 1074.5 |
               +--------+--------+--------+--------+--------+-----+--------+

Top non-repeatable levels by time:
     D:1: 1385 daAuts
     D:2: 763 daAuts
